 Dungeon Crawl Stone Soup version 0.29-a0-315-gaf6dd05e2f (webtiles) character file.

Game seed: 15008396550289913244

2706 jmlagarto the Nimble (level 9, -3/55 HPs)
             Began as a Djinni Venom Mage on Mar 29, 2022.
             Was an Initiate of Gozag.
             Slain by an unseen horror (9 damage)
             ... on level 7 of the Dungeon.
             The game lasted 00:27:30 (7372 turns).

jmlagarto the Nimble (Djinni Venom Mage)            Turns: 7372, Time: 00:27:31

Health: -3/55      AC:  7    Str:  7    XL:     9   Next: 97%
Gold:   575        EV: 18    Int: 21    God:    Gozag SH:  0 Dex: 20

rFire   + + +      SeeInvis .   i - +3 hunting sling
rCold   x . .      Faith    .   (no shield)
rNeg    . . .      Spirit   .   o - +1 animal skin
rPois   ∞          Reflect  .   p - +0 helmet
rElec   .          Harm     .   t - +0 cloak
rCorr   .          Rampage  .   j - +1 pair of gloves
Will    .....                   (boots unavailable)
Stlth   +++.......              b - amulet of regeneration
HPRegen 0.98/turn               d - +6 ring of dexterity
MPRegen 0.00/turn               n - ring of protection from fire

@: mighty, flying
A: sickness immunity, fire resistance 2, cold vulnerability 1, float, innate
caster, HP casting, extra vitality 1
a: Renounce Religion, Potion Petition, Call Merchant, Bribe Branch


You were on level 7 of the Dungeon.
You worshipped Gozag.
Gozag was pleased with you.
You visited 1 branch of the dungeon, and saw 7 of its levels.
You also visited: Ossuary.

You collected 654 gold pieces.
You paid 79 gold pieces to Gozag.

Inventory:

Hand Weapons
 i - a +3 hunting sling (weapon)
 F - the +7 hand axe of Righteous Fury {speed, rElec rC+++ Str-2 Dex-2}
   (You found it on level 5 of the Dungeon)

   Attacks with this weapon are significantly faster.
   Str:       It affects your strength (-2).
   Dex:       It affects your dexterity (-2).
   rC:        It renders you almost immune to cold.
   rElec:     It insulates you from electricity.
Missiles
 I - a throwing net
Armour
 j - a +1 pair of gloves (worn)
 o - a +1 animal skin (worn)
 p - a +0 helmet (worn)
 t - a +0 cloak (worn)
 E - an orb of light
Magical Staves
 J - a staff of poison
 K - a staff of earth
Jewellery
 a - a ring of ice
 b - an amulet of regeneration (around neck)
 d - a +6 ring of dexterity (left hand)
 m - an amulet of reflection
 n - a ring of protection from fire (right hand)
 L - a +6 ring of strength
Wands
 g - a wand of charming (3)
 w - a wand of flame (14)
 G - a wand of paralysis (9)
 H - a wand of acid (7)
Scrolls
 c - 2 scrolls of blinking {unknown}
 e - a scroll of magic mapping
 f - 3 scrolls of immolation
 h - a scroll of torment
 l - 3 scrolls of fear
 q - a scroll of vulnerability {unknown}
 v - a scroll of enchant armour
 y - a scroll of fog
 B - 2 scrolls of teleportation {unknown}
 D - 3 scrolls of identify
Potions
 k - 3 potions of might
 r - 6 potions of curing
 s - 3 potions of haste {unknown}
 u - a potion of resistance {unknown}
 x - 2 potions of berserk rage {unknown}
 z - a potion of attraction {unknown}
 A - 2 potions of heal wounds {unknown}
 C - a potion of cancellation {unknown}


   Skills:
 + Level 5.7 Slings
 + Level 8.3 Dodging
 - Level 3.3 Stealth
 + Level 6.1 Spellcasting


You had one spell level left.
You knew the following spells:

 Your Spells              Type           Power      Damage    Failure   Level
a - Sting                 Tmut/Pois      100%       1d8       1%          1
b - Poisonous Vapours     Pois/Air       64%        N/A       1%          2
c - Mephitic Cloud        Conj/Pois/Air  32%        N/A       2%          3
d - Olgreb's Toxic Radia  Pois           32%        N/A       8%          4
e - Summon Small Mammal   Summ           100%       N/A       1%          1
f - Searing Ray           Conj           64%        2d6       1%          2
g - Ensorcelled Hibernat  Hex/Ice        64%        N/A       1%          2
h - Airstrike             Air            16%        N/A       8%          4
Your spell library was empty.

Dungeon Overview and Level Annotations

Branches:
Dungeon (7/15)             Temple (0/1) D:7         Ossuary (visited)

Altars:
Gozag
Okawaru
Ru
Vehumet

Annotations:
D:3 1 runed translucent door, Crazy Yiuf
D:7 1 runed translucent door


Innate Abilities, Weirdness & Mutations

You are immune to sickness and miasma.
You are immune to poison.
Your flesh is very heat resistant. (rF++)
You are vulnerable to cold. (rC-)
You float through the air rather than walking.
You learn spells naturally, not from books.
Your magical power is your life essence.
You have superior vitality. (+4 MHP)


Message History

The searing ray hits the vampire mosquito!
The vampire mosquito is heavily damaged.
* * * LOW HITPOINT WARNING * * *
The vampire mosquito completely misses you.
The vampire mosquito bites you.
* * * LOW HITPOINT WARNING * * *
As you read the scroll labelled NOERHE JIWASOG, it crumbles to dust.
The scroll dissolves into smoke.
It was a scroll of fog.
The vampire mosquito barely misses you. The vampire mosquito bites you.
* * * LOW HITPOINT WARNING * * *
The vampire mosquito bites you but does no damage.
Casting: Searing Ray (safe; 1% risk of failure)
Confirm with . or Enter, or press ? or * to list all spells.
Aiming: Searing Ray (safe; 1% risk of failure)
Press: ? - help, Shift-Dir - straight line, f/p - vampire mosquito
Aim: a vampire mosquito (grey smoke, heavily damaged, 68% to hit)
The searing ray misses the vampire mosquito. (Press . to maintain the ray.)
* * * LOW HITPOINT WARNING * * *
The vampire mosquito completely misses you.
Something completely misses you.
The vampire mosquito closely misses you.
Okay, then.
Okay, then.
It was a potion of might.
You feel very mighty all of a sudden. Something hits you but does no damage.
The vampire mosquito barely misses you. The vampire mosquito bites you.
* * * LOW HITPOINT WARNING * * *
Casting: Searing Ray (safe; 1% risk of failure)
Confirm with . or Enter, or press ? or * to list all spells.
Aiming: Sting (safe; 1% risk of failure)
Press: ? - help, Shift-Dir - straight line, f/p - vampire mosquito
Aim: a vampire mosquito (grey smoke, heavily damaged, 63% to hit)
The sting hits the vampire mosquito.
The vampire mosquito partially resists.
The vampire mosquito is heavily damaged.
* * * LOW HITPOINT WARNING * * *
Something hits you!
You die...
Your body crumbles into a pile of gold.

.......###♣..(#### #...#.#
.....###♣...D♣#..### #...#.#
..####♣....P..#....### #......
..##.....P♣..♣#.#....### #...#.#
..####♣..!.P..#...#$.$.####....>#
#.######♣....♣#.#...#..$.##.$.###
#.##..####♣.§9#§§§#....##.#.###
#.##....####♣§#{#§§..####.#.#
#.##.##...####§y@§§####..##.#
#.##.##.#...###§§####...###.#
..##......#...#####...#.# #.#
..##.##.#...##.##...#.#.# #.#####
#.##.##...#####$..#.#.#.# #......
..##....####..###...#.#.# #......
..##..####...#.####...#.# #......
..#.####...##.#..####...# #......
..#.##.##..##.#...#####.. #......


You could see a vampire mosquito.

Vanquished Creatures
  A troll (D:7)
  2 steam dragons (D:7)
  A vampire mosquito (D:7)
  An orc warrior (D:7)
  A sky beast (D:7)
  2 black bears
  An ogre (D:7)
  3 centaurs
  3 kobold brigands
  A bullfrog (D:7)
  A necrophage (D:6)
  2 scorpions
  4 wights (D:7)
  3 jellies
  An orc priest (D:5)
  A hound (D:7)
  2 human zombies (Ossuary)
  3 iguanas
  Natasha (D:4)
  4 orc wizards
  4 mummies (Ossuary)
  Robin (D:2)
  6 adders
  7 gnolls
  A shadow imp (D:7)
  A white imp (D:7)
  An ufetubus (D:6)
  3 worms
  A dart slug (D:3)
  22 orcs
  11 ball pythons
  A bat (D:3)
  6 endoplasms
  5 giant cockroaches
  18 goblins
  6 hobgoblins
  2 jackals (D:3)
  16 kobolds
  3 quokkas
  2 frilled lizards (D:2)
  A gnoll zombie (Ossuary)
  3 goblin zombies (Ossuary)
  A hobgoblin zombie (Ossuary)
  An orc zombie (Ossuary)
  8 rats
169 creatures vanquished.

Vanquished Creatures (others)
  An orc wizard (D:7)
  2 orcs (D:7)
3 creatures vanquished.

Grand Total: 172 creatures vanquished

Notes
Turn   | Place    | Note
-------+----------+-------------------------------------------
     0 | D:1      | jmlagarto the Djinni Venom Mage began the quest for the
                  | Orb.
     0 | D:1      | Reached XP level 1. HP: 15/15 MP: 0/0
   257 | D:1      | Found a faded altar of an unknown god.
   302 | D:1      | Reached XP level 2. HP: 20/21 MP: 0/0
   419 | D:1      | Reached XP level 3. HP: 23/25 MP: 0/0
   419 | D:1      | Learned a level 1 spell: Summon Small Mammal
   656 | D:1      | HP: 1/25 [kobold/+2 dagger of electrocution (4)]
  1328 | D:2      | Noticed Robin
  1338 | D:2      | Reached skill level 3 in Dodging
  1363 | D:2      | Killed Robin
  1364 | D:2      | Reached XP level 4. HP: 13/31 MP: 0/0
  2026 | D:3      | Reached skill level 1 in Slings
  2026 | D:3      | Reached XP level 5. HP: 17/35 MP: 0/0
  2026 | D:3      | Learned a level 2 spell: Searing Ray
  2151 | D:3      | Found a runed translucent door.
  2152 | D:3      | Noticed Crazy Yiuf
  2217 | D:3      | Found an iron altar of Okawaru.
  2260 | D:3      | Found a sacrificial altar of Ru.
  3410 | D:4      | Reached XP level 6. HP: 35/40 MP: 0/0
  3826 | D:4      | Noticed Natasha
  3835 | D:4      | Killed Natasha
  3955 | D:5      | Entered Level 5 of the Dungeon
  4007 | D:5      | Reached skill level 4 in Dodging
  4028 | D:5      | Found a sand-covered staircase.
  4034 | Ossuary  | Entered an ossuary
  4222 | Ossuary  | Reached XP level 7. HP: 38/45 MP: 0/0
  4222 | Ossuary  | Learned a level 2 spell: Ensorcelled Hibernation
  4533 | D:5      | Reached skill level 5 in Dodging
  4563 | D:5      | Found an opulent altar of Gozag.
  4787 | D:5      | Identified the +7 hand axe of Righteous Fury {speed, rElec
                  | rC+++ Str-2 Dex-2}
  5100 | D:5      | Became a worshipper of Gozag Ym Sagoz the Greedy
  5293 | D:6      | Reached XP level 8. HP: 50/50 MP: 0/0
  5757 | D:6      | Reached skill level 6 in Dodging
  6446 | D:7      | Noticed a two-headed ogre
  6446 | D:7      | Noticed a gargoyle
  6446 | D:7      | Noticed a vampire
  6450 | D:7      | Found a runed translucent door.
  6469 | D:7      | Reached skill level 5 in Spellcasting
  6469 | D:7      | Reached XP level 9. HP: 33/55 MP: 0/0
  6469 | D:7      | Learned a level 4 spell: Airstrike
  6557 | D:7      | Noticed a troll
  6565 | D:7      | Killed a troll
  6566 | D:7      | Reached skill level 7 in Dodging
  6587 | D:7      | Reached skill level 5 in Slings
  6750 | D:7      | Found a staircase to the Ecumenical Temple.
  6994 | D:7      | Reached skill level 8 in Dodging
  7346 | D:7      | Noticed a seven-headed hydra
  7346 | D:7      | Noticed a gargoyle
  7372 | D:7      | Slain by an unseen horror

Illustrated notes

Levels and vault maps discovered:
D:1:      dpeg_arrival_snail, layout_basic, chequers_ecumenical_altar_island
D:2:      layout_loops_corners, uniq_robin
D:3:      layout_basic, mainiacjoe_overflow_catch_the_wave, dk_noncrumbling_2,
          uniq_crazy_yiuf_cottage
D:4:      layout_basic, serial_co_window_serial, co_window_corner_a,
          co_window_paths_a, co_window_paths_b, co_window_of_opportunity_a,
          co_window_of_opportunity_a, co_window_paths_b, co_window_corner_a,
          co_window_of_opportunity_a, co_window_paths_b,
          co_window_unsneaky_path_b, co_window_corner_b, co_window_cross_3,
          co_window_broadway_a, co_window_corner_b, co_window_paths_c,
          co_window_sun, glass_columns_a, glass_columns_a, glass_columns_b,
          glass_columns_b, uniq_natasha
D:5:      layout_loops_cross, grunt_gozag_breadcrumbs,
          lightli_ossuary_entry_decrepit_ruins, minmay_misc_feat_iff
D:6:      layout_gridville, mainiacjoe_overflow_alcove_2, gup_sewer_entry_bowl,
          grunt_tough_drop
D:7:      minmay_the_grid_triangle_9x9_rhombus_full
          [minmay_the_grid_triangle_9x9_sprig,
          minmay_the_grid_triangle_9x9_steps,
          minmay_the_grid_triangle_9x9_subtriangle,
          minmay_the_grid_triangle_9x9_swiss_cheese,
          minmay_the_grid_triangle_9x9_descending_squares,
          minmay_the_grid_triangle_9x9_shrine,
          minmay_the_grid_triangle_9x9_negative_grid,
          minmay_the_grid_triangle_9x9_prize_insulated], layout_loops_cross,
          nicolae_overflow_hidden_temple, minmay_temple_entry_trees

Skill      XL: |  1  2  3  4  5  6  7  8  9 |
---------------+----------------------------+-----
Stealth        | 2 3 |  3.3
Dodging        | 3 4 5 6 8 |  8.3
Spellcasting   | 3 4 5 6 |  6.1
Slings         | 1 2 3 4 5 |  5.7

Action                   |  1- 3 |  4- 6 |  7- 9 || total
-------------------------+-------+-------+-------++-------
Melee: Dagger            |    12 |       |       ||    12
       Punch             |     1 |       |       ||     1
       Hand axe          |       |       |     6 ||     6
 Fire: Hunting sling     |    17 |   120 |   253 ||   390
 Cast: Sting             |    35 |    26 |    48 ||   109
       Poisonous Vapours |    17 |     1 |       ||    18
       Summon Small Mamm |     1 |       |     2 ||     3
       Mephitic Cloud    |       |     2 |     8 ||    10
       Searing Ray       |       |    15 |    18 ||    33
       Ensorcelled Hiber |       |       |     2 ||     2
Evoke: Wand              |       |       |     6 ||     6
  Use: Scroll            |       |     4 |     6 ||    10
       Potion            |       |       |     2 ||     2
Armor: Robe              |     7 |     3 |       ||    10
       Animal skin       |       |    12 |    55 ||    67
Dodge: Dodged            |    25 |    57 |   229 ||   311

Table legend: (Time is in decaauts)
 A = Elapsed time spent in this place.
 B = Non-inter-level travel time spent in this place.
 C = Inter-level travel time spent in this place.
 D = Time resting spent in this place.
 E = Time spent auto-exploring this place.
 F = Levels seen in this place.
 G = Mean time per level.
                   A        B        C        D        E       F      G
               +--------+--------+--------+--------+--------+-----+--------+
         Total |   7502 |   6908 |    594 |      9 |   5232 |   8 |  937.8 |
       Dungeon |   7145 |   6551 |    594 |      9 |   5064 |   7 | 1020.7 |
       Ossuary |    357 |    357 |      0 |      0 |    168 |   1 |  357.0 |
               +--------+--------+--------+--------+--------+-----+--------+

Top non-repeatable levels by time:
     D:6: 1181 daAuts
     D:7: 1100 daAuts
     D:4: 1058 daAuts
     D:1: 1058 daAuts
     D:2: 974 daAuts
     D:3: 919 daAuts
     D:5: 854 daAuts
 Ossuary: 357 daAuts
